 Dungeon Crawl Stone Soup version 0.29-a0-870-g2c972031a6 (webtiles) character file.

Game seed: 2148573714146237772

188 Brotato the Sneak (level 5, -2/28 HPs)
             Began as a Spriggan Brigand on July 17, 2022.
             Slain by a gnoll
             ... wielding a +0 spear
              (4 damage)
             ... on level 3 of the Dungeon.
             The game lasted 00:06:49 (3748 turns).

Brotato the Sneak (Spriggan Brigand)                Turns: 3748, Time: 00:06:49

Health: -2/28      AC:  2    Str:  7    XL:     5   Next: 39%
Magic:  6/6        EV: 18    Int: 12    God:
Gold:   78         SH:  0    Dex: 19    Spells: 4/4 levels left

rFire   + . .      SeeInvis +   a - +2 dagger
rCold   + . .      Faith    .   (no shield)
rNeg    . . .      Spirit   .   b - +0 robe
rPois   +          Reflect  .   (helmet restricted)
rElec   +          Harm     .   (no cloak)
rCorr   +          Rampage  .   (gloves unavailable)
Will    .....                   (boots unavailable)
Stlth   ++++......              (no amulet)
HPRegen 0.09/turn               p - ring of poison resistance
MPRegen 0.10/turn               (no ring)

@: resistant, very quick
A: very small, no large weapons, unfitting armour, see invisible, speed 3
a: no special abilities


You were on level 3 of the Dungeon.
You visited 1 branch of the dungeon, and saw 6 of its levels.

You collected 78 gold pieces.

Inventory:

Hand Weapons
 a - a +2 dagger (weapon)
Missiles
 d - 5 poisoned darts (quivered)
 e - 3 curare-tipped darts
Armour
 b - a +0 robe (worn)
 c - a +0 cloak
 m - a scarf of repulsion
Jewellery
 p - a ring of poison resistance (left hand)
Scrolls
 g - a scroll of teleportation {unknown}
 i - a scroll of enchant weapon {unknown}
 k - a scroll of blinking {unknown}
 l - 2 scrolls of identify {unknown}
 n - a scroll of immolation {unknown}
Potions
 h - a potion of haste {unknown}
 j - a potion of degeneration {unknown}
 o - a potion of curing {unknown}
 q - a potion of mutation {unknown}


   Skills:
 * Level 3.1 Fighting
 + Level 3.3 Short Blades
 - Level 2.0 Throwing
 + Level 3.2 Dodging
 + Level 7.1 Stealth


You had 4 spell levels left.
You didn't know any spells.
Your spell library was empty.

Dungeon Overview and Level Annotations

Branches:
Dungeon (6/15)
 Temple: D:4-7

Altars:
Dithmenos
Fedhas
Kikubaaqudgha
Makhleb
Okawaru
Qazlal
Ru
Trog
Xom
Zin


Innate Abilities, Weirdness & Mutations

You are very small and have problems with some larger weapons.
You are too small for most types of armour.
You have supernaturally acute eyesight. (SInv)
You cover ground extremely quickly. (Speed+++)


Message History

The poisoned dart closely misses the ball python.
Throw: 7 darts (poison)
Press: ? - help, Q - select action, (/) - cycle Shift-Dir - straight line, f/p - ball python
Aim: a ball python (60% to hit)
You throw a poisoned dart. The poisoned dart hits the ball python.
The ball python is poisoned.
You kill the ball python!
Your Stealth skill increases to level 7!
Press: ? - help, v - describe, . - travel, g - get item Item here: a dagger.
The floor.
You start resting.
You feel a bit more experienced.
Throw: 6 darts (poison)
Press: ? - help, Q - select action, (/) - cycle Shift-Dir - straight line, f - gnoll
Aim: a gnoll, wielding a +0 spear (heavily wounded, 66% to hit)
You throw a poisoned dart. The poisoned dart hits the gnoll.
The gnoll is poisoned.
The gnoll is heavily wounded.
You kill the gnoll!
The gnoll misses you.
You see here a poisoned dart.
You hit the gnoll.
The gnoll is severely wounded.
The gnoll closely misses you.
The gnoll shouts!
You hit the gnoll but do no damage.
The gnoll is severely wounded.
The gnoll misses you. The gnoll barely misses you.
You hit the gnoll but do no damage.
The gnoll is severely wounded.
You barely miss the gnoll.
The gnoll is severely wounded.
The gnoll hits you with a +0 spear!
* * * LOW HITPOINT WARNING * * *
The gnoll closely misses you.
It was a potion of resistance.
You feel protected. The gnoll misses you. The gnoll hits you with a +0 spear.
You die...

###.. #........##.#
#....####.....).....#
#....(..)......# #
####..####....#####
...##....## ##.....J.##
#..)##J##########(#..#
...##.......# ##†...## ##
#.......#####).....#
#........@g...####.#
########.......g#.(.......#
..........((.....(#########
...............####
..g....>.......#
...............#
################


You could see 2 gnolls and an endoplasm.

Vanquished Creatures
  2 gnolls (D:3)
  9 adders
  An ufetubus (D:6)
  A worm (D:2)
  4 dart slugs
  4 orcs
  6 ball pythons
  7 bats
  3 endoplasms
  3 giant cockroaches
  5 goblins
  4 hobgoblins (D:1)
  3 jackals (D:1)
  4 quokkas (D:1)
  2 frilled lizards (D:2)
  6 kobolds
  8 rats
72 creatures vanquished.

Notes
Turn   | Place    | Note
-------+----------+-------------------------------------------
     0 | D:1      | Brotato the Spriggan Brigand began the quest for the Orb.
     0 | D:1      | Reached XP level 1. HP: 10/10 MP: 2/2
   228 | D:1      | Reached skill level 6 in Stealth
   258 | D:1      | Reached XP level 2. HP: 15/15 MP: 3/3
   854 | D:1      | Reached XP level 3. HP: 18/18 MP: 4/4
  2039 | D:1      | Reached XP level 4. HP: 23/23 MP: 5/5
  2295 | D:2      | Found a faded altar of an unknown god.
  2719 | D:2      | Identified the +1 leather armour of Afexexta {Will+ Int-5
                  | Dex+5}
  2902 | D:2      | Reached XP level 5. HP: 28/28 MP: 6/6
  3302 | D:3      | You fall into a shaft and drop 3 floors!
  3302 | D:6      | Found a blossoming altar of Fedhas.
  3302 | D:6      | Found a bloodstained altar of Trog.
  3302 | D:6      | Found a stormy altar of Qazlal.
  3302 | D:6      | Found a sacrificial altar of Ru.
  3302 | D:6      | Found a shimmering altar of Xom.
  3303 | D:6      | Found a burning altar of Makhleb.
  3304 | D:6      | Found an iron altar of Okawaru.
  3311 | D:6      | Found a shadowy altar of Dithmenos.
  3312 | D:6      | Found an ancient bone altar of Kikubaaqudgha.
  3320 | D:6      | Found a glowing silver altar of Zin.
  3549 | D:5      | Entered Level 5 of the Dungeon
  3719 | D:3      | Reached skill level 7 in Stealth
  3747 | D:3      | HP: 1/28 [gnoll/+0 spear (10)]
  3748 | D:3      | Slain by a gnoll

Illustrated notes

Levels and vault maps discovered:
D:1:      dpeg_arrival_simpleton_c, layout_basic, minmay_cupped
D:2:      layout_loops_ring, basic_ecumenical_altar
D:3:      layout_rooms, mainiacjoe_overflow_24_doors, eino_curves_04,
          bh_walls_and_bars
D:4:      layout_rooms, mainiacjoe_overflow_six_doors_small,
          hangedman_decor_lopped
D:5:      layout_loops_cross, minmay_temple_entry_tees,
          minmay_shop_enchanted_jewellery
D:6:      layout_basic, minitemple

Skill      XL: |  1  2  3  4  5 |
---------------+----------------+-----
Stealth        | 6 7 |  7.1
Fighting       | 2 3 |  3.1
Dodging        | 2 3 |  3.2
Short Blades   | 3 |  3.3
Throwing       | |  2.0

Action                   |  1- 3 |  4- 6 || total
-------------------------+-------+-------++-------
Melee: Dagger            |   135 |    94 ||   229
       Punch             |       |     3 ||     3
Throw: Dart              |     9 |     7 ||    16
  Use: Potion            |       |     1 ||     1
 Stab: Sleeping          |     9 |     8 ||    17
Armor: Robe              |    15 |     2 ||    17
Dodge: Dodged            |   122 |    71 ||   193

Table legend: (Time is in decaauts)
 A = Elapsed time spent in this place.
 B = Non-inter-level travel time spent in this place.
 C = Inter-level travel time spent in this place.
 D = Time resting spent in this place.
 E = Time spent auto-exploring this place.
 F = Levels seen in this place.
 G = Mean time per level.
                   A        B        C        D        E       F      G
               +--------+--------+--------+--------+--------+-----+--------+
         Total |   3028 |   2945 |     83 |   1153 |   1212 |   6 |  504.7 |
       Dungeon |   3028 |   2945 |     83 |   1153 |   1212 |   6 |  504.7 |
               +--------+--------+--------+--------+--------+-----+--------+

Top non-repeatable levels by time:
     D:1: 1577 daAuts
     D:2: 1022 daAuts
     D:6: 224 daAuts
     D:3: 112 daAuts
     D:5: 86 daAuts
     D:4: 6 daAuts
